 Dungeon Crawl Stone Soup version 0.31-a0-435-g2c6fae2916 (webtiles) character file.

Game seed: 10050135915336991152

1804298 motkuripss the Impregnable (level 25, 202/202 HPs)
             Began as a Barachi Summoner on July 31, 2023.
             Was the Champion of Ashenzari.
             Escaped with the Orb
             ... and 3 runes on Aug 1, 2023!
             The game lasted 05:20:05 (55709 turns).

motkuripss the Impregnable (Barachi Summoner)      Turns: 55709, Time: 05:20:05

Health: 202/202    AC: 29    Str: 12    XL:     25   Next: 76%
Magic:  38/38      EV: 31    Int: 34    God:    Ashenzari [******]
Gold:   1452       SH: 23    Dex: 22    Spells: 10/56 levels left

rFire   + . .        K - +7 trident "Revealing Water Diviner" {flame, rPois Int+2 Dex+3, Self, Elem} (curse)
rCold   . . .        Z - +5 kite shield "Prophetic Inaction" {reflect, Bglg, Fort} (curse)
rNeg    . . .        a - +6 ring mail "I Knew You'd Do That" {Regen+ Dex+5, Comp, Fort} (curse)
rPois   +            u - +0 mask of the Dragon {Will+ Slay+3 SInv, Melee, Alch} (curse)
rElec   +            x - +2 cloak of Ashenzari's Yoke {Will+, Melee, Range} (curse)
rCorr   +            X - +2 pair of gloves "Share My Regret" {Stlth+, Cun, Melee} (curse)
SInv    +            A - +0 pair of boots of Apeoromancy {Cun, Alch} (curse)
Will    ++++.        d - amulet of the Cryptic Secrets {RegenMP, Fort, Comp} (curse)
Stlth   ++           y - ring of Ashenzari's Sorrow {rElec rCorr Str+2 Int+6, Comp, Fort} (curse)
HPRegen 1.33/turn    S - ring of the Cursed Sage {rF+ Will+ EV+5, Comp, Fort} (curse)
MPRegen 0.66/turn

%: reflection, clarity
@: unable to hop, slow
A: amphibious, slowness 1, strong legs 2, +LOS, horns 1, iridescent scales 1,
frail 1, low MP 1, inability to drink after injury 1
0: Orb of Zot
}: 3/15 runes: serpentine, barnacled, silver
a: Hop, Renounce Religion, Shatter the Chains


You escaped.
You worshipped Ashenzari.
Ashenzari was exalted by your worship.
You visited 9 branches of the dungeon, and saw 45 of its levels.
You also visited: Sewer, Ice Cave and Wizlab.

You collected 6725 gold pieces.
You spent 5273 gold pieces at shops.

Inventory:

Hand Weapons
 g - the +6 dagger of Extremism {holy, rF+++ Will+ rCorr Dex-5}
   (You found it on level 5 of the Vaults)

   Dex:       It affects your dexterity (-5).
   rF:        It renders you almost immune to fire.
   rCorr:     It protects you from acid and corrosion.
   Will:      It increases your willpower.
 K - the cursed +7 trident "Revealing Water Diviner" (weapon) {flame, rPois Int+2 Dex+3, Self, Elem}
   (You bought it in a shop on level 2 of the Dungeon)

   Int:       It affects your intelligence (+2).
   Dex:       It affects your dexterity (+3).
   rPois:     It protects you from poison.
   It has a curse which improves the following skills: Introspection: Fighting
   and Spellcasting.
   Elements:  Fire Magic, Ice Magic, Air Magic and Earth Magic.
Armour
 a - the cursed +6 ring mail "I Knew You'd Do That" (worn) {Regen+ Dex+5, Comp, Fort}
   (You bought it in a shop on level 2 of the Dungeon)

   Dex:       It affects your dexterity (+5).
   Regen:     It increases your rate of health regeneration.
   It has a curse which improves the following skills: Companions: Summonings
   and Necromancy.
   Fortitude: Armour and Shields.
 f - the +2 hat "Yclase" {rPois}
   (You found it on level 3 of the Lair of Beasts)

   rPois:     It protects you from poison.
 m - the +1 chain mail "Reblyfih" {Contam rN+++ Str+5}
   (You bought it in a shop on level 2 of the Orcish Mines)

   Str:       It affects your strength (+5).
   rN:        It renders you almost immune to negative energy.
   Contam:    It causes magical contamination when unequipped.
 u - the cursed +0 mask of the Dragon (worn) {Will+ Slay+3 SInv, Melee, Alch}
   (You acquired it on level 3 of the Lair of Beasts)

   Slay:      It affects your accuracy & damage with ranged weapons and melee
   (+3).
   SInv:      It lets you see invisible.
   Will:      It increases your willpower.
   It has a curse which improves the following skills: Melee Combat: Short
   Blades, Long Blades, Axes, Maces & Flails, Polearms, Staves and Unarmed
   Combat.
   Alchemy:   Poison Magic and Transmutations.
 x - the cursed +2 cloak of Ashenzari's Yoke (worn) {Will+, Melee, Range}
   (You found it in an ice cave)

   It has a curse which improves the following skills: Melee Combat: Short
   Blades, Long Blades, Axes, Maces & Flails, Polearms, Staves and Unarmed
   Combat.
   Ranged Combat: Ranged Weapons and Throwing.
 A - the cursed +0 pair of boots of Apeoromancy (worn) {Cun, Alch}
   (You found it on level 4 of the Dungeon)

   It has a curse which improves the following skills: Cunning: Dodging and
   Stealth.
   Alchemy:   Poison Magic and Transmutations.
 C - +0 fire dragon scales
 H - a scarf of repulsion
 X - the cursed +2 pair of gloves "Share My Regret" (worn) {Stlth+, Cun, Melee}
   (You found it on level 7 of the Dungeon)

   It has a curse which improves the following skills: Cunning: Dodging and
   Stealth.
   Melee Combat: Short Blades, Long Blades, Axes, Maces & Flails, Polearms,
   Staves and Unarmed Combat.
 Z - the cursed +5 kite shield "Prophetic Inaction" (worn) {reflect, Bglg, Fort}
   (You took it off a naga warrior on level 3 of the Snake Pit)

   It has a curse which improves the following skills: Beguiling: Conjurations,
   Hexes and Translocations.
   Fortitude: Armour and Shields.
Jewellery
 d - the cursed amulet of the Cryptic Secrets (around neck) {RegenMP, Fort, Comp}
   (You found it on level 13 of the Dungeon)

   [amulet of magic regeneration]

   It increases your rate of magic regeneration.
   It has a curse which improves the following skills: Fortitude: Armour and
   Shields.
   Companions: Summonings and Necromancy.
 p - the ring of Qyloj {rF+ Str-4 Int+6 Dex+7}
   (You found it on level 4 of the Shoals)

   [ring of intelligence]

   Str:       It affects your strength (-4).
   Int:       It affects your intelligence (+6).
   Dex:       It affects your dexterity (+7).
   rF:        It protects you from fire.
 y - the cursed ring of Ashenzari's Sorrow (left hand) {rElec rCorr Str+2 Int+6, Comp, Fort}
   (You acquired it on level 14 of the Dungeon)

   [ring of intelligence]

   Str:       It affects your strength (+2).
   Int:       It affects your intelligence (+6).
   rElec:     It insulates you from electricity.
   rCorr:     It protects you from acid and corrosion.
   It has a curse which improves the following skills: Companions: Summonings
   and Necromancy.
   Fortitude: Armour and Shields.
 D - a ring of poison resistance
 S - the cursed ring of the Cursed Sage (right hand) {rF+ Will+ EV+5, Comp, Fort}
   (You bought it in a shop on level 2 of the Dungeon)

   [ring of evasion]

   EV:        It affects your evasion (+5).
   rF:        It protects you from fire.
   Will:      It increases your willpower.
   It has a curse which improves the following skills: Companions: Summonings
   and Necromancy.
   Fortitude: Armour and Shields.
 Y - the ring "Leoci" {rF+ rC+}
   (You took it off a vault guard on level 5 of the Vaults)

   [ring of protection from cold]

   rF:        It protects you from fire.
   rC:        It protects you from cold.
Wands
 e - a wand of mindburst (53)
 i - a wand of light (20)
 P - a wand of digging (2)
 Q - a wand of paralysis (40)
 T - a wand of roots (14)
Scrolls
 k - 30 scrolls of teleportation
 n - 11 scrolls of fear
 q - 2 scrolls of enchant armour
 s - 6 scrolls of poison
 t - 5 scrolls of silence
 I - 5 scrolls of butterflies
 J - 5 scrolls of revelation
 L - 7 scrolls of amnesia
 O - 10 scrolls of blinking
 R - a scroll of brand weapon
 U - 8 scrolls of fog
 W - 8 scrolls of enchant weapon
Potions
 b - 5 potions of magic
 c - 4 potions of berserk rage
 h - 4 potions of attraction
 j - 24 potions of curing
 l - 5 potions of mutation
 o - 7 potions of haste
 r - 3 potions of ambrosia
 w - 4 potions of resistance
 z - 4 potions of might
 B - 7 potions of cancellation
 E - 7 potions of heal wounds
 M - 3 potions of invisibility
 N - 5 potions of enlightenment
 V - 7 potions of brilliance
Miscellaneous
 v - a phial of floods
 F - a lightning rod (4/4)
 G - a phantom mirror


   Skills:
 + Level 22.3(24.4) Fighting
 - Level 4.4(8.7) Long Blades
 + Level 15.7(20.3) Polearms
 - Level 22.4(27) Armour
 + Level 19.0(22.3) Dodging
 - Level 8.3(12.0) Stealth
 + Level 15.9(22.4) Shields
 - Level 13.6(16.0) Spellcasting
 - Level 2.0(3.8) Hexes
 - Level 22.2(27) Summonings
 - Level 1.0(4.0) Necromancy
 - Level 4.0(6.2) Air Magic
 + Level 10.7 Evocations


You had 10 spell levels left.
You knew the following spells:

 Your Spells              Type           Power      Damage    Failure   Level
a - Summon Small Mammal   Summ           100%       N/A       0%          1
b - Call Canine Familiar  Summ           100%       N/A       0%          3
c - Summon Lightning Spi  Summ/Air       96%        N/A       1%          4
d - Summon Guardian Gole  Hex/Summ       93%        N/A       0%          3
e - Summon Ice Beast      Ice/Summ       88%        N/A       1%          4
f - Dragon's Call         Summ           59%        N/A       4%          9
g - Swiftness             Air            63%        N/A       1%          3
h - Summon Hydra          Summ           59%        N/A       1%          7
i - Dispel Undead         Necr           53%        3d19      4%          4
j - Summon Horrible Thin  Summ           59%        N/A       1%          8

Your spell library contained the following spells:

 Spells                   Type           Power      Damage    Failure   Level
 Call Imp                 Summ           100%       N/A       0%          2
 Kiss of Death            Conj/Necr      100%       2d13      1%          1
 Necrotise                Necr           100%       1d9       1%          1
 Slow                     Hex            100%       N/A       1%          1
 Sting                    Tmut/Pois      100%       1d8       1%          1
 Ensorcelled Hibernation  Hex/Ice        82%        N/A       1%          2
 Poisonous Vapours        Pois/Air       100%       N/A       1%          2
 Static Discharge         Conj/Air       98%        2-7/arc   1%          2
 Sublimation of Blood     Necr           53%        N/A       1%          2
 Confusing Touch          Hex            52%        N/A       1%          3
 Tukima's Dance           Hex            52%        N/A       1%          3
 Vampiric Draining        Necr           53%        2d9       1%          3
 Vhi's Electric Charge    Tloc/Air       98%        N/A       1%          3
 Apportation              Tloc           58%        N/A       2%          1
 Foxfire                  Conj/Fire      100%       2x1d9     2%          1
 Freeze                   Ice            100%       1d10      2%          1
 Magic Dart               Conj           100%       1d8       2%          1
 Sandblast                Erth           58%        2d13      2%          1
 Lesser Beckoning         Tloc           58%        N/A       3%          2
 Passwall                 Tmut/Erth      24%        N/A       3%          2
 Searing Ray              Conj           58%        2d6       3%          2
 Wereblood                Tmut           30%        N/A       3%          2
 Dazzling Flash           Conj/Hex       82%        N/A       3%          3
 Portal Projectile        Hex/Tloc       82%        N/A       3%          3
 Anguish                  Hex/Necr       26%        N/A       4%          4
 Animate Dead             Necr           53%        N/A       4%          4
 Cause Fear               Hex            26%        N/A       5%          4
 Ignite Poison            Fire/Tmut/Pois 30%        N/A       6%          3
 Frozen Ramparts          Ice            58%        1d9       7%          3
 Gell's Gravitas          Tloc           29%        N/A       7%          3
 Hailstorm                Conj/Ice       29%        3d8       7%          3
 Ozocubu's Armour         Ice            29%        N/A       7%          3
 Stone Arrow              Conj/Erth      58%        3d10      7%          3
 Teleport Other           Tloc           29%        N/A       7%          3
 Volatile Blastmotes      Fire/Tloc      58%        2d14      7%          3
 Silence                  Hex/Air        28%        N/A       9%          5
 Malign Gateway           Summ/Tloc      44%        N/A       9%          7
 Spellforged Servitor     Conj/Summ      44%        N/A       9%          7
 Fulminant Prism          Conj/Hex       20%        3d12      11%         4
 Leda's Liquefaction      Hex/Erth       20%        N/A       11%         4
 Agony                    Necr           53%        N/A       14%         5
 Arcjolt                  Conj/Air       24%        1d34      19%         5
 Olgreb's Toxic Radiance  Pois           30%        N/A       21%         4
 Flame Wave               Conj/Fire      29%        2d9       22%         4
 Iskenderun's Mystic Bla  Conj/Tloc      29%        2d7       22%         4
 Passage of Golubria      Tloc           29%        N/A       22%         4
 Sticky Flame             Conj/Fire      29%        2d5       22%         4
 Freezing Cloud           Conj/Ice/Air   21%        6-21      28%         5
 Yara's Violent Unravell  Hex/Tmut       20%        3d9       28%         5
 Borgnjor's Vile Clutch   Necr/Erth      20%        N/A       30%         5
 Irradiate                Conj/Tmut      14%        3d16      52%         5
 Fireball                 Conj/Fire      14%        3d8       54%         5
 Iskenderun's Battlesphe  Conj           29%        2d8       54%         5
 Lee's Rapid Deconstruct  Erth           14%        3d9*      54%         5
 Death Channel            Necr           26%        N/A       58%         6
 Conjure Ball Lightning   Conj/Air       24%        3x3d7     71%         6
 Plasma Beam              Fire/Air       24%        2x1d36    71%         6
 Simulacrum               Ice/Necr       20%        N/A       86%         6
 Leda's Unmaking          Conj/Erth      14%        9d3       98%         6
 Starburst                Conj/Fire      14%        6d6       98%         6
 Orb of Destruction       Conj           14%        9d7       100%        7
 Ozocubu's Refrigeration  Ice            14%        4d10      100%        7
 Borgnjor's Revivificati  Necr           26%        N/A       100%        8
 Discord                  Hex            26%        N/A       100%        8
 Disjunction              Tloc           14%        N/A       100%        8
 Ignition                 Fire           14%        3d6       100%        8
 Maxwell's Capacitive Co  Air            31%        ∞         100%        8
 Chain Lightning          Conj/Air       24%        3d32      100%        9
 Fire Storm               Conj/Fire      14%        8d4       100%        9
 Shatter                  Erth           14%        3d14*     100%        9


Dungeon Overview and Level Annotations

Branches:
Dungeon (15/15)            Temple (1/1) D:5            Lair (5/5) D:11
 Shoals (4/4) Lair:3        Snake (4/4) Lair:3        Slime (0/5) Lair:5
    Orc (2/2) D:11            Elf (0/3) Orc:2        Vaults (5/5) D:13
  Crypt (0/3) Vaults:2     Depths (4/4) D:15            Zot (5/5) Depths:4
  Sewer (visited)           IceCv (visited)          WizLab (visited)

Altars:
Ashenzari
Cheibriados
Dithmenos
Elyvilon
Fedhas
Gozag
Hepliaklqana
Kikubaaqudgha
Makhleb
Nemelex Xobeh
Okawaru
Qazlal
Ru
Sif Muna
Trog
Uskayaw
Vehumet
Wu Jian
Xom
Yredelemnul
Zin
The Shining One
Jiyva

Shops:
D:2 (=?[   Orc:1 *   Orc:2 ??*=*   Shoals:2 **   Vaults:1 [(   Vaults:2 ?
Vaults:3 (   Vaults:4 (

Portals:
Hell: Depths:1 Depths:2 Depths:3 Depths:4
Abyss: Depths:2 Depths:3 Depths:4
Pandemonium: Depths:1 Depths:2
Ziggurat: Depths:4

Annotations:
D:1 1 runed translucent door
D:6 exclusion: downstairs
D:7 exclusion: downstairs
D:10 exclusion: 2 downstairs
D:11 exclusion: downstairs
Temple 2 transporters
Lair:4 3 runed translucent doors, exclusion: 2 oklob plants, KimchiStew's ghost, journeyman DgGl
Shoals:1 exclusion: downstairs
Depths:3 exclusion: 2 downstairs
Zot:2 1 exclusion
Zot:3 4 transporters, 1 exclusion
Zot:4 1 exclusion
Zot:5 1 exclusion


Innate Abilities, Weirdness & Mutations

You are amphibious.
You cover ground slowly.
You can hop long distances.
You have an extended range of vision and can be seen from far away.
You have a pair of small horns on your head.
You are partially covered in iridescent scales. (AC +2)
You are frail. (-10% HP)
Your magical capacity is low. (-10% MP)
You occasionally lose the ability to drink potions when taking damage.


Message History

The smoke demon is moderately wounded.
You puncture the smoke demon!
The smoke demon is heavily wounded.
You puncture the smoke demon! Your headbutt misses the smoke demon.
The smoke demon is severely wounded.
The smoke demon gestures at you.
Your cursed +5 kite shield "Prophetic Inaction" {reflect, Bglg, Fort} blocks the sticky flame... and reflects it back!
The sticky flame misses the smoke demon.
You puncture the smoke demon! You burn the smoke demon.
You kill the smoke demon!
(D) Dungeon (T) Temple (L) Lair (A) Shoals (P) Snake Pit (M) Slime Pits (O) Orcish Mines (E) Elven Halls (V) Vaults (C) Crypt (U) Depths (H) Hell (Z) Zot
Where to? (Enter - D:1, ? - help) HP restored.
A ynoxinul comes into view.
There is a stone staircase leading up here.
You climb upwards.
There is a stone staircase leading down here.
(D) Dungeon (T) Temple (L) Lair (A) Shoals (P) Snake Pit (M) Slime Pits (O) Orcish Mines (E) Elven Halls (V) Vaults (C) Crypt (U) Depths (H) Hell (Z) Zot
Where to? (Enter - D:1, ? - help)
There is a stone staircase leading up here.
You climb upwards.
Level annotation: 1 runed translucent door
There is a stone staircase leading down here.
A hellwing comes into view.
You open the door.
The jackal barks!
You hear a bark!
The endoplasm quivers.
There is an open door here.
Ipheoxyf comes into view. It is armed with a chaotic touch.
Hop to where?
Press: ? - help, Dir - move target Boing!
There is a staircase leading out of the dungeon here.
You have escaped!

...#.###.................# #.#
.#..)....###############.# #.#
####.###.#...J.{...J...#.# #.#
#.#...#h...{.{{..{..#.# #.# #
#.#.#.#....{Jw{hhBJ.#.# #.# #
#.#.#.#######+#######.###.# #
#.#.#.#.............#..##.#### ##
#.#...'⌠....###.&..⌠'L........
.###.#...#......@.4....#.##.#####
#.##.#...#..⌠...>...⌠..#....# #
##...#.#.###+#######'###.#..# #
#.####.#.................#.## #
.## #.###############..##.# #
######.##### ####.###.### #
...).......# ##..{.......# #
######.###.#######.#.#####.#.# #
#......#.....###......#.# #


You could see Ipheoxyf, a lich, a hellwing and a jackal (wandering).

Vanquished Creatures
  An ancient lich (Zot:5)
  2 dread liches
  An orb of fire (Zot:5)
  Vv (Zot:4)
  Saint Roka (Snake:2)
  2 caustic shrikes
  An electric golem (Zot:5)
  Mlioglotl (Shoals:4)
  A lich (Depths:2)
  A quicksilver dragon (Depths:4)
  2 tentacled monstrosities
  9 Orb Guardians
  Polyphemus (Shoals:4)
  2 sphinxes (Vaults:5)
  3 death cobs (Zot:1)
  A tengu reaver (Vaults:5)
  A storm dragon (Zot:2)
  Frances (D:12)
  A shadow dragon (Zot:4)
  2 fire giants
  A frost giant (Depths:1)
  5 vault wardens
  A ghost moth (Zot:3)
  An ironbound preserver (Vaults:2)
  A deep elf sorcerer (Vaults:2)
  A reaper (Depths:2)
  A draconian annihilator (Depths:4)
  An ironbound thunderhulk (Vaults:4)
  4 very ugly things
  A stone giant (Depths:2)
  A black draconian (Zot:4)
  2 spark wasps (WizLab)
  A yellow draconian (Zot:3)
  A deep elf annihilator (Depths:1)
  A purple draconian (Zot:2)
  2 ettins (Depths:2)
  A merfolk impaler (Shoals:4)
  A blizzard demon (WizLab)
  2 merfolk javelineers
  A deep elf high priest (Vaults:5)
  4 great orbs of eyes
  5 yaktaur captains
  6 vault guards
  3 hydras
  A ghost crab (WizLab)
  2 ironbound frosthearts (Vaults:4)
  A peacekeeper (Vaults:1)
  A catoblepas (Shoals:4)
  6 anacondas
  2 spriggan air magi (WizLab)
  2 boulder beetles
  2 merfolk aquamancers
  3 ogre magi (Orc:2)
  3 centaur warriors
  3 tengu warriors
  7 two-headed ogres
  An alligator snapping turtle (Shoals:2)
  3 death yaks
  A death scarab (Depths:3)
  3 naga sharpshooters
  A deep troll earth mage (Depths:2)
  2 spriggan berserkers
  3 shock serpents
  A sun demon (Depths:1)
  A hell knight (Depths:1)
  A fire crab (shapeshifter) (D:15)
  2 skysharks (Shoals:1)
  A sixfirhy (D:10)
  The ghost of TobyConnect the Insei, a novice DsSh of Okawaru (D:7)
  2 sea snakes
  2 glowing orange brains
  4 skeletal warriors
  9 deep trolls
  2 lindwurms
  2 wizards
  7 harpies
  4 ironbound convokers
  A necromancer (Depths:2)
  5 mana vipers
  An oklob plant (Lair:3)
  An orc knight (Vaults:1)
  A deep elf pyromancer (D:13)
  2 wolf spiders
  3 ugly things
  2 orc sorcerers (Orc:2)
  A tengu skeleton (Vaults:2)
  2 cyclopes
  A manticore (Shoals:1)
  8 moths of wrath
  2 salamanders
  A large abomination (Depths:3)
  An elephant (Lair:2)
  4 vault sentinels
  8 merfolk sirens
  15 black mambas
  A smoke demon (D:3)
  A water nymph (Shoals:4)
  2 torpor snails
  A naga mage (Snake:4)
  An unseen horror (D:12)
  8 cane toads
  2 freezing wraiths (Vaults:5)
  A hellion (D:6)
  An anaconda simulacrum (IceCv)
  An ice devil (IceCv)
  8 yaktaurs
  4 komodo dragons
  A red devil (D:14)
  7 merfolk
  Grinder (D:4)
  2 meliai
  3 trolls
  2 hellwings
  4 polar bears
  4 blink frogs
  A tarantella (shapeshifter) (D:13)
  A hornet (Lair:1)
  4 dream sheep (Lair:5)
  5 air elementals (WizLab)
  A jumping spider (Lair:3)
  2 small abominations (Depths:3)
  2 snapping turtles
  2 shadows
  5 slime creatures
  20 yaks
  4 water elementals
  2 wyverns
  2 hogs (D:14)
  3 chaos spawn
  4 basilisks
  2 fire elementals
  14 vampire mosquitoes
  A neqoxec (Depths:2)
  A harpy simulacrum (IceCv)
  A steam dragon (D:7)
  A warg (Orc:2)
  10 nagas
  10 water moccasins
  A floating eye (Depths:2)
  A hell hound (Lair:1)
  5 orc warriors
  2 ice beasts (D:7)
  15 ogres
  2 centaurs
  8 wolves
  7 bullfrogs
  Blork the orc (D:6)
  A scorpion (D:6)
  4 wights
  An elephant simulacrum (D:13)
  23 killer bees
  A howler monkey (D:9)
  5 electric eels
  A lava snake (Lair:3)
  3 hounds (D:11)
  8 orc priests
  A jelly (D:6)
  A gnoll bouda (D:5)
  Jessica (D:3)
  Ijyb (D:4)
  An iguana (D:6)
  6 orc wizards
  A polar bear simulacrum (IceCv)
  A hell rat (Lair:4)
  A wolf simulacrum (IceCv)
  5 adders
  3 gnolls (D:5)
  2 river rats (Sewer)
  A shadow imp (D:5)
  2 white imps
  7 nameless horrors
  An ufetubus (D:6)
  A dart slug (D:1)
  22 orcs
  5 giant cockroaches
  2 goblins (D:4)
  5 hobgoblins
  A kobold (D:8)
  4 ball pythons
  4 bats
  A frilled lizard (D:1)
  3 rats (Sewer)
553 creatures vanquished.

Vanquished Creatures (collateral kills)
  3 ancient liches
  3 orbs of fire (Zot:5)
  Mara (Snake:4)
  4 Killer Klowns (Zot:5)
  7 golden dragons
  2 caustic shrikes (Depths:3)
  Norris (Depths:1)
  A bone dragon (Depths:4)
  A Tzitzimitl (Depths:4)
  A hellephant (D:10)
  2 electric golems
  A Cloud Mage (WizLab)
  19 Orb Guardians
  8 tentacled monstrosities
  2 titans (Vaults:5)
  3 liches
  13 quicksilver dragons
  4 death cobs (Zot:3)
  2 krakens (Shoals:2)
  2 sphinxes
  Kirke (D:14)
  The ghost of KimchiStew the Martial Artist, an adept GnBe of Trog (Snake:4)
  4 tengu reavers
  8 shadow dragons
  5 storm dragons
  Donald (Vaults:1)
  10 nagarajas
  3 draconian knights
  2 draconian monks
  Ilsuiw (Shoals:2)
  6 frost giants
  7 fire giants
  14 vault wardens
  4 ghost moths
  3 balrugs
  A draconian scorcher (Zot:2)
  A deep elf sorcerer (Vaults:5)
  Louise (D:14)
  A cacodemon (D:10)
  3 orc warlords
  2 draconian annihilators
  11 ironbound preservers
  3 formless jellyfish
  2 war gargoyles
  A spriggan defender (Depths:2)
  A reaper (Depths:1)
  The ghost of kaychamo the Severer, a journeyman GrFi of Hepliaklqana (Orc:2)
  11 very ugly things
  5 ironbound thunderhulks
  5 stone giants
  A vampire knight (Depths:4)
  2 deep elf annihilators (Depths:1)
  A deep elf demonologist (Vaults:5)
  Azrael (D:14)
  Nessos (D:15)
  4 green draconians
  2 black draconians
  4 yellow draconians
  6 white draconians
  2 spark wasps (Depths:4)
  A dire elephant (Vaults:4)
  5 red draconians
  A green death (Zot:5)
  4 merfolk javelineers
  6 ettins
  3 deep elf death magi
  A crystal guardian (Vaults:1)
  6 fire dragons
  10 merfolk impalers
  2 blizzard demons (WizLab)
  2 deep elf high priests
  An entropy weaver (Vaults:3)
  4 great orbs of eyes
  Josephine (D:14)
  8 yaktaur captains
  4 hydras
  27 vault guards
  A peacekeeper (Vaults:3)
  2 salamander tyrants (Snake:4)
  An ogre mage (Vaults:5)
  9 ironbound frosthearts
  8 ice dragons
  A hell beast (Depths:1)
  4 spriggan air magi
  4 catoblepae
  4 ghost crabs (WizLab)
  8 two-headed ogres
  7 centaur warriors
  2 merfolk avatars
  11 merfolk aquamancers
  2 alligator snapping turtles
  2 anacondas
  9 death yaks
  8 deep troll shamans
  2 satyrs
  5 tengu warriors
  11 naga sharpshooters
  7 naga warriors
  4 boulder beetles
  4 deep troll earth magi
  The ghost of qborf the Skirmisher, a journeyman SpHs of Gozag (Lair:1)
  A hell hog (Depths:1)
  11 hell knights
  3 shock serpents
  6 soul eaters (Depths:1)
  5 iron trolls
  A fire crab (Shoals:1)
  4 skysharks
  2 titan skeletons
  5 sun demons
  11 skeletal warriors
  2 sixfirhies
  3 salamander mystics
  2 flayed ghosts
  43 deep trolls
  2 glowing orange brains
  11 sea snakes
  A death drake (WizLab)
  11 ironbound convokers
  2 naga ritualists (Snake:1)
  2 necromancers
  3 wizards
  17 harpies
  8 lindwurms
  2 mana vipers (Snake:1)
  7 orc knights
  A phantasmal warrior (Vaults:5)
  2 nameless horrors
  4 fauns (Shoals:3)
  2 tengu skeletons (Vaults:2)
  A shadow dragon skeleton (Vaults:2)
  An iron dragon zombie (Vaults:5)
  4 cyclopes
  8 salamanders
  2 orc sorcerers (Depths:1)
  10 manticores
  A deep elf pyromancer (D:15)
  19 ugly things
  2 human skeletons (Vaults:2)
  An elephant (shapeshifter) (Depths:2)
  12 moths of wrath
  3 elephants
  19 naga magi
  12 merfolk sirens
  3 water nymphs
  An eye of devastation (Lair:5)
  4 apocalypse crabs (WizLab)
  A frost giant skeleton (Vaults:2)
  3 smoke demons (Depths:1)
  12 black mambas
  A torpor snail (Lair:5)
  13 vault sentinels
  2 orange demons
  6 cane toads
  14 yaktaurs
  An unseen horror (shapeshifter) (Vaults:5)
  4 komodo dragons
  Psyche (D:10)
  An efreet (D:9)
  4 freezing wraiths
  3 ice devils (IceCv)
  3 rime drakes
  4 tengu conjurers
  3 red devils (D:14)
  A queen bee (Lair:4)
  2 polar bears
  2 meliai (Lair:4)
  6 wind drakes
  30 merfolk
  A hornet (D:9)
  2 trolls
  2 hellwings
  5 blink frogs
  A tengu simulacrum (Vaults:5)
  11 dream sheep
  3 snapping turtles
  3 large abominations (Depths:3)
  2 ettin skeletons (Vaults:2)
  6 air elementals (WizLab)
  10 water elementals
  3 wyverns
  24 slime creatures
  2 basilisks
  5 fire bats
  4 wraiths
  33 yaks
  A chaos spawn (Depths:3)
  2 death yak simulacra (IceCv)
  3 fire elementals (D:14)
  A redback (shapeshifter) (Vaults:5)
  5 redbacks
  9 vampire mosquitoes
  An elf skeleton (Vaults:2)
  2 wargs (Orc:2)
  6 small abominations (Depths:3)
  An acid dragon (D:12)
  39 nagas
  Duvessa (D:7)
  4 water moccasins
  6 hell hounds
  2 floating eyes
  3 black bears
  2 sky beasts
  12 orc warriors
  2 ice beasts (D:7)
  A human zombie (Vaults:5)
  A boggart (Vaults:2)
  14 wolves
  15 ogres
  9 centaurs
  A phantom (D:4)
  3 kobold brigands
  4 bullfrogs
  A gnoll sergeant (D:9)
  A two-headed ogre simulacrum (IceCv)
  A cane toad simulacrum (D:13)
  A wight (D:8)
  Dowan (D:7)
  20 killer bees
  4 howler monkeys
  6 lava snakes (Lair:3)
  A gnoll bouda (D:8)
  5 hounds
  A jelly (D:4)
  2 iguanas
  6 orc priests
  A sleepcap (D:6)
  13 orc wizards
  A hell rat (Sewer)
  A polar bear simulacrum (IceCv)
  3 spriggan simulacra
  A troll simulacrum (IceCv)
  7 adders
  12 gnolls
  2 naga simulacra (IceCv)
  2 white imps
  3 ufetubi
  2 dart slugs
  54 orcs
  A bat (D:3)
  2 endoplasms
  A giant cockroach (D:6)
  3 goblins (D:1)
  7 hobgoblins
  14 kobolds
  4 quokkas
  5 frilled lizards
  2 rats
  3 tentacles (Shoals:2)
1281 creatures vanquished.

Vanquished Creatures (others)
  A reaper (IceCv)
  Erolcha (D:12)
  2 ogre magi
  4 two-headed ogres
  A catoblepas (Lair:5)
  A tengu warrior (D:13)
  3 death yaks
  2 orc knights
  3 manticores
  2 ugly things
  A cyclops (D:9)
  A moth of wrath (D:7)
  An elephant (Lair:4)
  A black mamba (Lair:1)
  6 cane toads
  2 apocalypse crabs (WizLab)
  A freezing wraith (IceCv)
  3 ice devils (IceCv)
  A troll (D:11)
  2 meliai (D:13)
  2 polar bears (Lair:1)
  Prince Ribbit (D:5)
  2 air elementals (WizLab)
  A shadow (D:13)
  9 yaks
  2 water elementals (D:11)
  3 humans (D:14)
  A death yak simulacrum (IceCv)
  2 black bears
  An ice beast (D:6)
  2 orc warriors
  5 wolves
  3 two-headed ogre simulacra
  2 wights (D:8)
  15 killer bees
  An elephant simulacrum (D:13)
  An orc priest (D:11)
  Crazy Yiuf (D:2)
  A gnoll bouda (D:5)
  2 orc wizards
  An iguana (D:6)
  2 troll simulacra
  A gnoll (D:5)
  A naga simulacrum (D:13)
  An ufetubus (IceCv)
  3 orcs
  A butterfly (D:5)
  8 tentacles (Shoals:2)
114 creatures vanquished.

Grand Total: 1948 creatures vanquished

Notes
Turn   | Place    | Note
-------+----------+-------------------------------------------
     0 | D:1      | motkuripss the Barachi Summoner began the quest for the
                  | Orb.
     0 | D:1      | Reached XP level 1. HP: 13/13 MP: 3/3
     2 | D:1      | Noticed a jelly
     3 | D:1      | Found a runed translucent door.
   183 | D:1      | Reached skill level 5 in Summonings
   302 | D:1      | Reached XP level 2. HP: 20/20 MP: 3/5
   375 | D:1      | Reached skill level 1 in Fighting
   792 | D:1      | Reached XP level 3. HP: 24/26 MP: 4/6
   804 | D:1      | Learned a level 3 spell: Call Canine Familiar
  1172 | D:2      | Found Ebruyrik's Armour Shoppe.
  1188 | D:2      | Found Leif's Magic Scroll Boutique.
  1197 | D:2      | Bought a scroll of teleportation for 33 gold pieces
  1197 | D:2      | Bought a scroll of identify for 22 gold pieces
  1198 | D:2      | Bought a scroll of identify for 22 gold pieces
  1595 | D:2      | Found Onofaleg's Antique Weapon Shoppe.
  1657 | D:2      | Found Puifuna's Jewellery Boutique.
  1963 | D:2      | Found a runed translucent door.
  1964 | D:2      | Noticed Crazy Yiuf
  2373 | D:3      | Reached XP level 4. HP: 33/33 MP: 4/7
  2562 | D:3      | Noticed Jessica
  2600 | D:3      | Killed Jessica
  3039 | D:4      | Reached XP level 5. HP: 38/38 MP: 4/9
  3196 | D:4      | Noticed Ijyb
  3230 | D:4      | Killed Ijyb
  3262 | D:4      | Learned a level 4 spell: Summon Lightning Spire
  3327 | D:4      | Noticed Grinder
  3365 | D:4      | Reached skill level 1 in Air Magic
  3415 | D:4      | Identified the +3 sling of Harmony {drain, Fly rC++}
  3518 | D:4      | Reached XP level 6. HP: 44/44 MP: 6/10
  3863 | D:4      | Learned a level 3 spell: Summon Guardian Golem
  4034 | D:5      | Entered Level 5 of the Dungeon
  4054 | D:5      | Reached XP level 7. HP: 50/50 MP: 9/11
  4192 | D:5      | Reached skill level 1 in Hexes
  4660 | D:5      | Identified the +4 spear "Timyen" {flame, rF++}
  4723 | D:5      | Noticed Prince Ribbit
  4746 | D:5      | Killed Prince Ribbit
  4747 | D:5      | Reached XP level 8. HP: 56/56 MP: 4/12
  4818 | D:5      | Found a white marble altar of Elyvilon.
  5052 | D:5      | Found a staircase to the Ecumenical Temple.
  5062 | Temple   | Found a transporter.
  5062 | Temple   | Found a transporter.
  5062 | Temple   | Found a transporter.
  5062 | Temple   | Found a transporter.
  5062 | Temple   | Entered the Ecumenical Temple
  5230 | D:6      | Reached skill level 10 in Summonings
  5301 | D:6      | Noticed Blork the orc
  5309 | D:6      | Killed Blork the orc
  5368 | D:6      | Found a glowing drain.
  5392 | Sewer    | Entered a sewer
  5684 | D:6      | Noticed a boulder beetle
  5819 | D:6      | Reached XP level 9. HP: 56/65 MP: 10/15
  5873 | D:6      | Killed a boulder beetle
  6473 | D:7      | Reached skill level 1 in Polearms
  7033 | D:7      | Noticed TobyConnect's ghost (novice DsSh)
  7035 | D:7      | Noticed a moth of wrath
  7173 | D:7      | Reached skill level 5 in Polearms
  7173 | D:7      | Reached XP level 10. HP: 71/71 MP: 9/16
  7173 | D:7      | Noticed Dowan
  7183 | D:7      | Killed Dowan
  7283 | D:7      | Found a transporter.
  7348 | D:7      | Found a transporter.
  7455 | D:7      | Noticed Duvessa
  7466 | D:7      | Killed Duvessa
  8010 | D:8      | Reached skill level 5 in Fighting
  8108 | D:8      | Found a blossoming altar of Fedhas.
  9119 | D:9      | Noticed a centaur warrior
  9649 | D:9      | Reached XP level 11. HP: 86/86 MP: 11/17
  9981 | D:9      | Identified the +6 mace of Soamamol {heavy, *Noise Int+5}
 10116 | D:9      | Noticed a wizard
 10116 | D:9      | Noticed a cyclops
 10157 | D:9      | Killed a wizard
 10268 | D:9      | Killed a cyclops
 10269 | D:9      | Reached skill level 5 in Dodging
 10496 | D:9      | Killed a centaur warrior
 10497 | D:9      | Reached skill level 10 in Polearms
 10738 | D:10     | Entered Level 10 of the Dungeon
 10947 | D:4      | Killed Grinder
 10962 | D:4      | Identified the +5 war axe of Epeluidu {heavy, rF+ Dex+2}
 11074 | D:2      | Bought the +6 ring mail of Burning Intercession {Regen+
                  | Dex+5} for 566 gold pieces
 11153 | D:2      | Killed Crazy Yiuf
 11362 | D:10     | Found a hazy altar of Hepliaklqana.
 11365 | D:10     | Found an ornate altar of the Wu Jian Council.
 11368 | D:10     | Found a broken altar of Ashenzari.
 11368 | D:10     | Found a glowing silver altar of Zin.
 11369 | D:10     | Found an opulent altar of Gozag.
 11373 | D:10     | Became a worshipper of Ashenzari the Shackled
 11412 | D:10     | Reached skill level 1 in Armour
 11434 | D:11     | Found a staircase to the Lair.
 11439 | D:11     | Noticed Psyche
 11439 | D:11     | Noticed a two-headed ogre
 11448 | D:10     | Killed a two-headed ogre
 11563 | D:10     | Reached skill level 5 in Armour
 12058 | D:10     | Reached skill level 1 in Shields
 12088 | D:10     | Identified the +1 dagger of Antenk {freeze, Dex+3}
 12108 | D:10     | Reached XP level 12. HP: 65/95 MP: 5/18
 12299 | D:10     | Killed Psyche
 12669 | D:11     | Reached skill level 5 in Shields
 12883 | D:11     | Reached * piety under Ashenzari
 13200 | D:11     | Found a staircase to the Orcish Mines.
 13605 | D:11     | Reached ** piety under Ashenzari
 13722 | D:11     | You fall into a shaft and drop 1 floor!
 14008 | Lair:1   | Entered Level 1 of the Lair of Beasts
 14204 | Lair:1   | Reached skill level 10 in Fighting
 14280 | Lair:1   | Found a transporter.
 14385 | Lair:1   | Noticed a minotaur
 14387 | Lair:1   | Noticed qborf's ghost (journeyman SpHs)
 14407 | Lair:1   | Reached skill level 1 in Evocations
 14540 | Lair:1   | Found a runed translucent gate.
 14540 | Lair:1   | Found a runed translucent gate.
 14540 | Lair:1   | Found a runed translucent gate.
 14578 | Lair:1   | Identified the +0 dagger "Widowermaker" {venom, rF+}
 14618 | Lair:1   | Noticed a catoblepas
 14655 | Lair:1   | Killed a catoblepas
 14970 | Lair:1   | Found a transporter.
 15199 | Lair:2   | Identified a scroll of acquirement
 15366 | Lair:2   | Gained mutation: You can hop long distances. [Barachi
                  | growth]
 15366 | Lair:2   | Reached XP level 13. HP: 108/108 MP: 13/20
 15489 | Lair:2   | Reached *** piety under Ashenzari
 15691 | Lair:2   | Reached skill level 10 in Armour
 16634 | Lair:3   | Reached **** piety under Ashenzari
 16757 | Lair:3   | Reached skill level 1 in Long Blades
 16918 | Lair:3   | Reached skill level 5 in Spellcasting
 17227 | Lair:3   | Found a staircase to the Snake Pit.
 17279 | Lair:3   | Acquired the +0 mask of the Dragon {Will+ Slay+3 SInv}
 17279 | Lair:3   | Found the +0 mask of the Dragon {Will+ Slay+3 SInv}
 17540 | Lair:3   | Found a staircase to the Shoals.
 17994 | Lair:4   | Reached skill level 15 in Summonings
 18087 | Lair:4   | Reached XP level 14. HP: 123/123 MP: 10/25
 18438 | Lair:4   | Found a runed translucent gate.
 18438 | Lair:4   | Found a runed translucent gate.
 18438 | Lair:4   | Found a runed translucent gate.
 18441 | Lair:4   | Noticed KimchiStew's ghost (journeyman DgGl)
 18441 | Lair:4   | Identified the +4 scimitar "Fodghunn" {freeze, rF+ MP+9}
 19561 | Lair:4   | Reached ***** piety under Ashenzari
 19728 | Lair:5   | Entered Level 5 of the Lair of Beasts
 20205 | Lair:5   | Found a viscous altar of Jiyva.
 20206 | Lair:5   | Found a staircase to the Slime Pits.
 20417 | Lair:5   | Learned a level 4 spell: Summon Ice Beast
 20923 | Lair:5   | Reached XP level 15. HP: 130/130 MP: 20/30
 21389 | Lair:3   | Found a runed translucent door.
 21389 | Lair:3   | Identified the +2 hat "Yclase" {rPois}
 21444 | Lair:3   | Found a runed translucent gate.
 21445 | Lair:3   | Found a runed translucent gate.
 21451 | Lair:3   | Found a runed translucent gate.
 21451 | Lair:3   | Found a runed translucent gate.
 21451 | Lair:3   | Found a runed translucent gate.
 21463 | Lair:3   | Found a runed translucent gate.
 21639 | Lair:2   | Learned a level 9 spell: Dragon's Call
 21733 | Lair:1   | Killed qborf's ghost
 21928 | D:12     | Noticed Frances
 22084 | D:12     | Noticed Erolcha
 22103 | D:12     | Killed Erolcha
 22175 | D:12     | Killed Frances
 22740 | D:12     | Reached ****** piety under Ashenzari
 23170 | D:13     | Found a frozen archway.
 23268 | IceCv    | Entered an ice cave
 24691 | D:2      | Bought the ring of the Castellan {rF+ Will+ EV+5} for 556
                  | gold pieces
 24707 | D:2      | Bought a brightly glowing trident for 161 gold pieces
 24707 | D:2      | Identified the +7 trident of Woruthil {flame, rPois Int+2
                  | Dex+3} (You bought it in a shop on level 2 of the Dungeon)
 24935 | Orc:1    | Entered Level 1 of the Orcish Mines
 25200 | Orc:2    | Entered Level 2 of the Orcish Mines
 25200 | Orc:2    | Found Tisasush's Assorted Antiques.
 25513 | Orc:2    | Found a runed translucent gate.
 25513 | Orc:2    | Found a runed translucent gate.
 25522 | Orc:2    | Found Beozesoi's Jewellery Emporium.
 25522 | Orc:2    | Found Voiliu's Magic Scroll Boutique.
 25522 | Orc:2    | Found Fokh's Assorted Antiques.
 25522 | Orc:2    | Found Vemmou's Magic Scroll Shoppe.
 25531 | Orc:2    | Bought a scroll of butterflies for 56 gold pieces
 25580 | Orc:2    | Noticed kaychamo's ghost (journeyman GrFi)
 25582 | Orc:2    | Found a runed translucent gate.
 25582 | Orc:2    | Identified the +1 rapier of Pandemonium {freeze, rN+ Will+}
 25677 | Orc:2    | Found a staircase to the Elven Halls.
 25922 | Orc:1    | Found Jovaumnu's Mass Market.
 26185 | Orc:2    | Killed kaychamo's ghost
 26186 | Orc:2    | Reached XP level 16. HP: 135/137 MP: 6/32
 26570 | D:7      | Killed TobyConnect's ghost
 27082 | D:13     | Found a gate to the Vaults.
 27430 | D:13     | Identified the +0 plate armour "Jemiamefie" {rElec Str+2}
 27826 | D:14     | Noticed Azrael
 27832 | D:14     | Killed Azrael
 27977 | D:14     | Acquired the ring "Naschami" {rElec rCorr Str+2 Int+6}
 28237 | D:14     | Noticed Kirke
 28243 | D:14     | Killed Kirke
 28244 | D:14     | Reached skill level 10 in Spellcasting
 28530 | D:14     | Noticed Josephine
 28534 | D:14     | Killed Josephine
 28861 | D:14     | Noticed Louise
 28880 | D:14     | Killed Louise
 29088 | D:15     | Entered Level 15 of the Dungeon
 29254 | D:15     | Found a staircase to the Depths.
 29518 | D:15     | Noticed Nessos
 29521 | D:15     | Killed Nessos
 30153 | Depths:1 | Entered Level 1 of the Depths
 30156 | Depths:1 | Reached XP level 17. HP: 147/147 MP: 17/35
 30170 | Depths:1 | Noticed Norris
 30345 | Snake:1  | Entered Level 1 of the Snake Pit
 32231 | Snake:2  | Noticed Saint Roka
 32252 | Snake:2  | Killed Saint Roka
 32659 | Snake:3  | Reached skill level 15 in Fighting
 33114 | Snake:3  | Identified the +4 morningstar of Discord {flame, *Rage
                  | rPois rN+ rCorr}
 33310 | Snake:4  | Entered Level 4 of the Snake Pit
 33585 | Snake:4  | Found a runed translucent gate.
 33585 | Snake:4  | Found a runed translucent gate.
 33586 | Snake:4  | Found a runed translucent gate.
 33586 | Snake:4  | Noticed KimchiStew's ghost (adept GnBe)
 33606 | Snake:4  | Killed KimchiStew's ghost
 33732 | Snake:4  | Reached XP level 18. HP: 155/155 MP: 14/36
 33894 | Snake:4  | Noticed Mara
 33896 | Snake:4  | Reached skill level 10 in Dodging
 33896 | Snake:4  | Noticed motkuripss's illusion
 33911 | Snake:4  | Noticed a quicksilver dragon
 34150 | Shoals:1 | Entered Level 1 of the Shoals
 34238 | Shoals:1 | Identified the +10 orcbow "Hizulax" {speed, rC+ rCorr Str+3
                  | Dex+3}
 34727 | Shoals:1 | Reached skill level 10 in Shields
 35154 | Orc:2    | Bought a scroll of enchant armour for 105 gold pieces
 35154 | Orc:2    | Bought a scroll of enchant armour for 105 gold pieces
 35154 | Orc:2    | Bought a scroll of enchant weapon for 105 gold pieces
 35452 | Shoals:2 | Noticed Ilsuiw
 35529 | Shoals:2 | Killed Ilsuiw
 35606 | Shoals:2 | Found Tunayng's Specific Store.
 35611 | Shoals:2 | Found Xairph's General Store.
 35621 | Shoals:2 | Bought a phantom mirror for 480 gold pieces
 36223 | Shoals:2 | Found a hide-covered altar of Uskayaw.
 36495 | Shoals:3 | Reached XP level 19. HP: 164/164 MP: 19/38
 37169 | Shoals:4 | Entered Level 4 of the Shoals
 37255 | Shoals:4 | Identified the ring of Qyloj {rF+ Str-4 Int+6 Dex+7}
 37356 | Shoals:4 | Noticed Polyphemus
 37370 | Shoals:4 | Killed Polyphemus
 37373 | Shoals:4 | Reached skill level 5 in Evocations
 37473 | Shoals:4 | Got a barnacled rune of Zot
 37661 | Shoals:4 | Noticed Mlioglotl
 37672 | Shoals:4 | Killed Mlioglotl
 37691 | Shoals:4 | Learned a level 3 spell: Swiftness
 38388 | D:2      | Bought an ebony hand axe for 152 gold pieces
 38388 | D:2      | Identified the +9 hand axe of Harmony {drain, *Corrode
                  | rPois rC+ rN+} (You bought it in a shop on level 2 of the
                  | Dungeon)
 38829 | Snake:4  | Killed Mara
 39039 | Snake:4  | Got a serpentine rune of Zot
 39263 | Orc:2    | Bought an embroidered scarf for 232 gold pieces
 39387 | Vaults:1 | Entered Level 1 of the Vaults
 39520 | Vaults:1 | Reached skill level 5 in Stealth
 39658 | Vaults:1 | Reached XP level 20. HP: 174/174 MP: 25/40
 39744 | Vaults:1 | Found Goraj's Armour Shoppe.
 39761 | Vaults:1 | Found Yxzuys's Weapon Boutique.
 40055 | Vaults:1 | Noticed Donald
 40056 | Vaults:1 | Killed Donald
 41496 | Vaults:2 | Found a staircase to the Crypt.
 41620 | Vaults:2 | Found Amiares's Magic Scroll Shop.
 41633 | Vaults:2 | Bought a scroll of enchant armour for 150 gold pieces
 41633 | Vaults:2 | Bought a scroll of teleportation for 60 gold pieces
 41633 | Vaults:2 | Bought a scroll of silence for 190 gold pieces
 41974 | Vaults:3 | Found a magical portal.
 42018 | WizLab   | Entered The Chambers of the Cloud Mage
 42131 | WizLab   | Reached XP level 21. HP: 184/184 MP: 22/41
 42242 | WizLab   | Paralysed by an air elemental for 1 turns
 42550 | WizLab   | Identified the Handbook of Vapour
 43542 | Vaults:3 | Found Wililap's Weapon Emporium.
 44317 | Vaults:4 | Reached skill level 15 in Dodging
 45166 | Vaults:4 | Found Etawust's Weapon Boutique.
 45348 | Vaults:5 | Entered Level 5 of the Vaults
 45426 | Vaults:5 | Reached skill level 15 in Shields
 45426 | Vaults:5 | Noticed a dread lich
 45457 | Vaults:5 | Killed a dread lich
 45458 | Vaults:5 | Reached XP level 22. HP: 192/194 MP: 25/42
 45615 | Vaults:5 | Identified Reeheudali's Directory of Gloom and Cleavage
 45791 | Vaults:5 | Identified the ring "Leoci" {rF+ rC+}
 45815 | Vaults:5 | Got a silver rune of Zot
 45958 | Vaults:5 | Identified the Tome of Production and the Tundra
 46573 | Vaults:5 | Learned a level 7 spell: Summon Hydra
 46941 | Vaults:5 | Identified the +6 dagger of Extremism {holy, rF+++ Will+
                  | rCorr Dex-5}
 46950 | Vaults:5 | Learned a level 4 spell: Dispel Undead
 47289 | Orc:2    | Bought a dazzling chain mail for 247 gold pieces
 47289 | Orc:2    | Identified the +1 chain mail "Reblyfih" {Contam rN+++
                  | Str+5} (You bought it in a shop on level 2 of the Orcish
                  | Mines)
 47296 | Orc:2    | Bought a scroll of teleportation for 45 gold pieces
 47296 | Orc:2    | Bought a scroll of teleportation for 45 gold pieces
 47296 | Orc:2    | Bought a scroll of blinking for 112 gold pieces
 47296 | Orc:2    | Bought a scroll of blinking for 112 gold pieces
 47297 | Orc:2    | Bought 3 scrolls of teleportation for 234 gold pieces
 47297 | Orc:2    | Bought a scroll of blinking for 195 gold pieces
 47301 | Orc:2    | Bought a scroll of teleportation for 42 gold pieces
 47301 | Orc:2    | Bought a scroll of teleportation for 42 gold pieces
 47541 | D:2      | Bought a scroll of fog for 44 gold pieces
 48199 | Orc:2    | Bought a phial of floods for 1160 gold pieces
 48384 | Depths:1 | Killed Norris
 48388 | Depths:1 | Reached skill level 1 in Necromancy
 48546 | Depths:1 | Found a runed translucent door.
 48550 | Depths:1 | Found a radiant altar of Vehumet.
 48551 | Depths:1 | Noticed an ancient lich
 48552 | Depths:1 | Identified the Secrets of the Volley
 48568 | Depths:1 | Killed an ancient lich
 48734 | Depths:1 | Reached XP level 23. HP: 205/205 MP: 25/43
 48776 | Depths:1 | Found a gateway to Hell.
 48916 | Depths:1 | Found a one-way gate leading to the halls of Pandemonium.
 49237 | Depths:2 | Found a stormy altar of Qazlal.
 49330 | Depths:2 | Found a one-way gate to the infinite horrors of the Abyss.
 49685 | Depths:2 | Learned a level 8 spell: Summon Horrible Things
 49920 | Depths:2 | Reached skill level 15 in Armour
 50582 | Depths:3 | Reached skill level 15 in Polearms
 51370 | Depths:4 | Entered Level 4 of the Depths
 51370 | Depths:4 | Noticed a caustic shrike
 51370 | Depths:4 | Noticed a caustic shrike
 51371 | Depths:4 | Noticed a caustic shrike
 51371 | Depths:4 | Noticed a caustic shrike
 51420 | Depths:4 | Killed a caustic shrike
 51436 | Depths:3 | Killed a caustic shrike
 51436 | Depths:3 | Killed a caustic shrike
 51440 | Depths:3 | Killed a caustic shrike
 51923 | Depths:4 | Reached XP level 24. HP: 183/215 MP: 24/43
 52007 | Depths:4 | Found a gate to the Realm of Zot.
 52022 | Depths:4 | Found a one-way gateway to a ziggurat.
 52064 | Depths:4 | Identified the +4 chain mail "Zeguol" {*Slow rF+ Str+4
                  | Slay+3}
 52296 | Zot:1    | Entered Level 1 of the Realm of Zot
 52714 | Zot:2    | Reached skill level 10 in Evocations
 53086 | Zot:3    | Found a transporter.
 53088 | Zot:3    | Found a transporter.
 53088 | Zot:3    | Found a transporter.
 53092 | Zot:3    | Found a transporter.
 53901 | Zot:4    | Noticed Vv
 53944 | Zot:4    | Killed Vv
 54151 | Zot:5    | Entered Level 5 of the Realm of Zot
 54153 | Zot:5    | Upgraded the game from 0.31-a0-431-g88bdf31460 to
                  | 0.31-a0-435-g2c6fae2916
 54595 | Zot:5    | Noticed an ancient lich
 54625 | Zot:5    | Noticed an ancient lich
 54627 | Zot:5    | Noticed an orb of fire
 54633 | Zot:5    | Noticed an orb of fire
 54633 | Zot:5    | Noticed a dread lich
 54635 | Zot:5    | Reached XP level 25. HP: 201/223 MP: 22/43
 54637 | Zot:5    | Gained mutation: You are frail. (-10% HP) [an orb of fire]
 54638 | Zot:5    | Gained mutation: You are dopey. (Int -2) [an orb of fire]
 54649 | Zot:5    | Gained mutation: You are very frail. (-20% HP) [an orb of
                  | fire]
 54653 | Zot:5    | Gained mutation: Your magical capacity is low. (-10% MP)
                  | [an orb of fire]
 54656 | Zot:5    | Killed an orb of fire
 54665 | Zot:5    | Killed an ancient lich
 54672 | Zot:5    | Killed a dread lich
 54677 | Zot:5    | Gained mutation: You are very dopey. (Int -4) [an orb of
                  | fire]
 54680 | Zot:5    | Killed an orb of fire
 54709 | Zot:5    | Lost mutation: You are very frail. (-20% HP) [potion of
                  | mutation]
 54709 | Zot:5    | Lost mutation: You are very dopey. (Int -4) [potion of
                  | mutation]
 54709 | Zot:5    | Gained mutation: You occasionally shout uncontrollably at
                  | your foes. [potion of mutation]
 54709 | Zot:5    | Gained mutation: You are partially covered in iridescent
                  | scales. (AC +2) [potion of mutation]
 54710 | Zot:5    | Lost mutation: You occasionally shout uncontrollably at
                  | your foes. [potion of mutation]
 54710 | Zot:5    | Lost mutation: You are dopey. (Int -2) [potion of mutation]
 54710 | Zot:5    | Gained mutation: You occasionally lose the ability to drink
                  | potions when taking damage. [potion of mutation]
 54710 | Zot:5    | Gained mutation: You have a pair of small horns on your
                  | head. [potion of mutation]
 54726 | Zot:5    | Noticed an ancient lich
 54742 | Zot:5    | Noticed an orb of fire
 54754 | Zot:5    | Noticed a Killer Klown
 54764 | Zot:5    | Killed a Killer Klown
 54766 | Zot:5    | Killed an orb of fire
 54797 | Zot:5    | Noticed a Killer Klown
 54799 | Zot:5    | Killed an ancient lich
 54805 | Zot:5    | Noticed a Killer Klown
 54811 | Zot:5    | Killed a Killer Klown
 54815 | Zot:5    | Killed a Killer Klown
 55017 | Zot:5    | Noticed an orb of fire
 55017 | Zot:5    | Noticed an ancient lich
 55020 | Zot:5    | Noticed a Killer Klown
 55027 | Zot:5    | Killed an orb of fire
 55032 | Zot:5    | Killed a Killer Klown
 55050 | Zot:5    | Killed an ancient lich
 55100 | Zot:5    | Got the Orb of Zot
 55706 | D:1      | Noticed Ipheoxyf the pandemonium lord
 55709 | D:$      | Escaped with the Orb!

Illustrated notes

Levels and vault maps discovered:
D:1:      dpeg_arrival_caged_fury, layout_loops_ring
D:2:      layout_basic, serial_shops, nicolae_shop_pleasant_corner_grove, shop,
          shop, nicolae_diamond_shop, uniq_crazy_yiuf_cottage
D:3:      layout_loops_cross, uniq_jessica
D:4:      layout_basic, kennysheep_generic_room_16, uniq_grinder, uniq_ijyb
D:5:      layout_basic, nicolae_elyvilon_peaceful_grove,
          minmay_temple_entry_grid, nicolae_figureground_pulse,
          uniq_prince_ribbit1
D:6:      wander_river, layout_rooms, portal_sewer_entry_f,
          minmay_increasing_density, uniq_blork_the_orc
D:7:      layout_loops_cross, gammafunk_ghost_berserking_beasts, uniq_duvessa
D:8:      layout_cave_pools, fedhas_ov_isle_minmay
D:9:      layout_basic, minmay_shattered_shrine
D:10:     layout_big_octagon, grunt_temple_overflow_open
D:11:     layout_basic, erik_lair_island, hiddenorc2_lemuel,
          minmay_gold_behind_fungi, uniq_psyche
D:12:     layout_stronghold, nicolae_splish_splash, uniq_frances, uniq_erolcha
D:13:     layout_long_grid, david_vaults_5, portal_ice_cave_entry_ice_simulacra,
          minivault_16
D:14:     layout_cave_pods, st_stairs_8, einodemon_armed_red_devil_minivault,
          uniq_josephine, uniq_azrael, uniq_kirke, uniq_louise
D:15:     hellmonk_depths_entry_around_the_bend, layout_loops_ring,
          nicolae_two_hexagons, uniq_nessos
Temple:   hellmonk_temple_divided_pantheon
Lair:1:   gammafunk_cloud_chamber, layout_misc_corridors,
          maelrawn_ghost_gauntlet_escape, chequers_serial_rivers_micro_d,
          cheibrodos_lair_lostbears, grunt_megastairs_5, serial_bayou_shore_a
Lair:2:   layout_roguey, nicolae_lair_lindhole
Lair:3:   gammafunk_indiana_jones, layout_gridlike, elwin_shoals_entry_rocks,
          nicolae_snake_entry_warm_welcome, beast_lair_carwin_5
Lair:4:   regret_index_harrowing_hell_hive, layout_hall_layers,
          gammafunk_ghost_hydra_chop
Lair:5:   evilmike_catoblepas_cave, layout_long_grid, minmay_slime_entry_eyes,
          kennysheep_basilisk_garden
Shoals:1: nicolae_shoals_island_circles, layout_shoals, hangedman_shoal_volcano
Shoals:2: layout_shoals, nicolae_specific_store, nicolae_shoals_lost_giant_hut,
          wheals_shoals_ruined_temple, uniq_ilsuiw
Shoals:3: layout_shoals, nicolae_shoals_square_sea_wall
Shoals:4: shoals_end_simple, layout_shoals, nicolae_shoals_aquamancer_cove,
          uniq_polyphemus, uniq_mlioglotl
Snake:1:  layout_onion, grunt_megastairs_1
Snake:2:  layout_layer_cave, lemuel_fruit_tree, uniq_saint_roka
Snake:3:  layout_grid_shapes
Snake:4:  minmay_snake_end_coiled, layout_concentric_octagons,
          ebering_ghost_rock_garden, uniq_mara
Orc:1:    layout_diamond_mine, basic_altar, minmay_shop_mass
Orc:2:    st_orc_ogre_mass, layout_diamond_mine, gammafunk_ghost_split,
          serial_shops, nicolae_diamond_shop
Vaults:1: ontoclasm_vaults_claustrophobia, nicolae_vaults_diagonal_hallway_6,
          nicolae_vaults_tangram_2, nicolae_vaults_angled_halls,
          hangedman_vaults_maws, grunt_vaults_twisty, ontoclasm_vaults_bender,
          nicolae_vaults_door_testing_chamber, nicolae_vaults_tetromino_L_2,
          nicolae_vaults_border_crossing, nicolae_vaults_mitosis,
          nicolae_vaults_rhombus_6, layout_vaults_big_room, serial_shops,
          nicolae_square_shop, nicolae_diamond_shop, uniq_donald
Vaults:2: nicolae_vaults_big_ls, minmay_crypt_entry_skeletal_spiral,
          vaults_room_pools, nicolae_vaults_tetromino_Z_2, v_misc_15,
          vaults_standard_mumra_x, v_misc_12, st_lattice,
          nicolae_vaults_variable_pillar_hall, nicolae_vaults_surprise_closet,
          nicolae_vaults_network_star, nicolae_vaults_ring_of_whatevers,
          nicolae_vaults_tetromino_T_1, layout_vaults_omnibox, serial_shops,
          shop
Vaults:3: lightli_enter_wizlab_magi_temple, v_misc_14, nicolae_vaults_wrenched,
          nicolae_vaults_theta, nicolae_vaults_network_s,
          nicolae_vaults_gold_heap, vaults_room_grunt_arrival_checkpoint,
          layout_vaults_omnigrid, serial_shops, nicolae_shop_scrapyard
Vaults:4: nicolae_vaults_disjoint_gnomons, nicolae_vaults_circle_grid_b,
          v_rooms_1, nicolae_vaults_rhombus_5,
          nicolae_vaults_storage_room_glass, nicolae_vaults_tetromino_L_2,
          nicolae_vaults_ellipses_ellipsis, v_misc_1,
          nicolae_vaults_security_offices_5, nicolae_vaults_diamond_2,
          nicolae_vaults_taking_the_gang_shopping, nicolae_vaults_alarming,
          layout_vaults_omnicross
Vaults:5
Depths:1: layout_basic, hellmouth_3, serial_corexii_hall,
          corexii_hall_statues_l, chequers_hall_statues_wall_a,
          corexii_hall_statues_x, pan_entry, hex_intersection,
          grunt_absolute_annihilation, uniq_norris
Depths:2: nzn_winding_woodlands_small [nzn_winding_woodlands_5x15_cabin,
          nzn_winding_woodlands_center_triple_pond,
          nzn_winding_woodlands_5x15_longhouse], layout_gridlike,
          hangedman_abyss_entry_splay, nicolae_qazlal_general_emergency,
          hell_entry, rand_demon_pan_entry_7, infiniplex_staircase_zigzag_1
Depths:3: nicolae_cairo_tiling_very_big, layout_small_grid,
          minmay_room_of_horrors, kennysheep_cluttered_room,
          pf_dread_powers_of_hell, hellmonk_scarab_ruin
Depths:4: evilmike_zot_entry_diamond, layout_cave_pools, enter_ziggurat_b,
          abyss_entry, grunt_hell_entry_dis_grunt, nicolae_water_bricks
Zot:1:    layout_misc_corridors, st_small_dragon_hoard_5,
          hangedman_elemental_grid_stream
Zot:2:    layout_concentric_octagons
Zot:3:    layout_onion_interference, nicolae_diode_intersection
Zot:4:    layout_basic, uniq_vv
Zot:5:    layout_gridville

Skill      XL: |  1  2  3  4  5  6  7  8  9 10 11 12 13 14 15 16 17 18 19 20 21 22 23 24 25 |
---------------+----------------------------------------------------------------------------+-----
Summonings     | 5 6 7 8 9 11 13 15 18 21 22 | 22.2
Stealth        | 2 4 5 8 |  8.3
Fighting       | 1 2 4 8 9 11 12 14 15 16 18 19 20 21 22 | 22.3
Spellcasting   | 3 4 5 7 9 11 12 13 | 13.6
Air Magic      | 2 3 4 |  4.0
Hexes          | 2 |  2.0
Dodging        | 4 5 7 9 11 12 14 15 17 18 19 | 19.0
Polearms       | 5 8 10 11 13 14 15 | 15.7
Armour         | 7 9 10 11 13 14 16 20 22 | 22.4
Shields        | 2 5 6 8 11 13 15 | 15.9
Evocations     | 3 4 6 7 9 10 | 10.7
Long Blades    | 4 |  4.4
Necromancy     | 1 |  1.0

Action                     |  1- 3 |  4- 6 |  7- 9 | 10-12 | 13-15 | 16-18 | 19-21 | 22-24 | 25-27 || total
---------------------------+-------+-------+-------+-------+-------+-------+-------+-------+-------++-------
  Melee: Unarmed           |     2 |       |       |       |       |       |       |       |       ||     2
         Dagger            |    45 |    36 |    16 |       |       |       |       |       |       ||    97
         Spear             |       |       |   107 |   500 |   870 |       |       |       |       ||  1477
         Punch             |       |       |       |     2 |       |       |       |       |       ||     2
         Scimitar          |       |       |       |       |     1 |       |       |       |       ||     1
         Trident           |       |       |       |       |    95 |   611 |   484 |   558 |   209 ||  1957
         Headbutt          |       |       |       |       |       |       |       |       |    46 ||    46
   Fire: Sling             |       |    17 |    27 |       |       |       |       |       |       ||    44
  Throw: Dart              |     1 |     1 |       |       |       |       |       |       |       ||     2
   Cast: Summon Small Mamm |    37 |    11 |     9 |       |       |       |     1 |     1 |       ||    59
         Call Canine Famil |     6 |    18 |    30 |    46 |    29 |       |       |       |       ||   129
         Summon Guardian G |       |       |    17 |    63 |    98 |    25 |       |       |       ||   203
         Summon Lightning  |       |       |    10 |    63 |   135 |    67 |    22 |     7 |       ||   304
         Summon Ice Beast  |       |       |       |       |    18 |     8 |       |       |       ||    26
         Dragon's Call     |       |       |       |       |       |    35 |    62 |    60 |     6 ||   163
         Swiftness         |       |       |       |       |       |       |     1 |       |       ||     1
         Summon Horrible T |       |       |       |       |       |       |       |    16 |     8 ||    24
 Invoke: Curse Item        |       |       |       |     4 |     9 |     6 |       |       |       ||    19
         Shatter the Chain |       |       |       |       |     5 |     4 |       |       |       ||     9
Ability: Hop               |       |     1 |     7 |     6 |     7 |     4 |     4 |     3 |     3 ||    35
  Evoke: Wand              |       |       |     8 |    19 |    30 |     4 |     1 |       |       ||    62
         Lightning rod     |       |       |       |       |       |     3 |     4 |     5 |       ||    12
         Phantom mirror    |       |       |       |       |       |       |     2 |     1 |       ||     3
         Phial of floods   |       |       |       |       |       |       |       |     1 |     1 ||     2
    Use: Scroll            |     3 |       |     4 |     9 |     2 |     9 |       |     6 |     1 ||    34
         Potion            |       |     1 |     1 |       |     1 |       |     2 |       |     7 ||    12
   Stab: Sleeping          |     2 |     2 |     3 |       |       |     6 |     6 |     6 |       ||    25
         Distracted        |       |     1 |     1 |    11 |    26 |    13 |    28 |    47 |    14 ||   141
         Paralysed         |       |       |     2 |     4 |     4 |     1 |       |       |       ||    11
         Invisible         |       |       |     1 |       |       |       |       |       |       ||     1
         Petrified         |       |       |       |     3 |       |       |       |       |       ||     3
         Petrifying        |       |       |       |     1 |       |       |       |       |       ||     1
 Armour: Robe              |    12 |     5 |    19 |     6 |       |       |       |       |       ||    42
         Ring mail         |       |       |       |    85 |   134 |    81 |    43 |    51 |    20 ||   414
  Dodge: Dodged            |    24 |    24 |    60 |   128 |   183 |   255 |   158 |   247 |    70 ||  1149
  Block: Other             |    13 |     8 |    25 |    14 |       |       |       |       |       ||    60
         Reflection        |     2 |     1 |     3 |     5 |    12 |    27 |    38 |     6 |     1 ||    95
         Buckler           |       |       |       |   110 |   332 |   184 |       |       |       ||   626
         Kite shield       |       |       |       |       |       |    61 |   262 |   326 |   107 ||   756

Table legend: (Time is in decaauts)
 A = Elapsed time spent in this place.
 B = Non-inter-level travel time spent in this place.
 C = Inter-level travel time spent in this place.
 D = Time resting spent in this place.
 E = Time spent auto-exploring this place.
 F = Levels seen in this place.
 G = Mean time per level.
                   A        B        C        D        E       F      G
               +--------+--------+--------+--------+--------+-----+--------+
         Total |  61458 |  53804 |   7654 |   4373 |  32102 |  48 | 1280.4 |
       Dungeon |  24075 |  19379 |   4696 |   2015 |  11941 |  15 | 1605.0 |
        Temple |     28 |     28 |      0 |      0 |      0 |   1 |   28.0 |
          Lair |   8776 |   7880 |    896 |    476 |   5148 |   5 | 1755.2 |
        Shoals |   4084 |   3810 |    274 |    100 |   2593 |   4 | 1021.0 |
     Snake Pit |   4793 |   4339 |    454 |    325 |   2918 |   4 | 1198.2 |
  Orcish Mines |   1952 |   1512 |    440 |     76 |    915 |   2 |  976.0 |
        Vaults |   8044 |   7480 |    564 |    180 |   4904 |   5 | 1608.8 |
        Depths |   4728 |   4443 |    285 |    167 |   3201 |   4 | 1182.0 |
           Zot |   3012 |   2971 |     41 |    429 |    335 |   5 |  602.4 |
         Sewer |    100 |    100 |      0 |      0 |      0 |   1 |  100.0 |
      Ice Cave |   1183 |   1183 |      0 |    458 |      6 |   1 | 1183.0 |
        Wizlab |    678 |    678 |      0 |    145 |    138 |   1 |  678.0 |
               +--------+--------+--------+--------+--------+-----+--------+

Top non-repeatable levels by time:
     D:9: 2630 daAuts
    D:11: 2456 daAuts
  Lair:4: 1996 daAuts
  Lair:3: 1976 daAuts
Vaults:5: 1905 daAuts
     D:7: 1887 daAuts
Vaults:4: 1701 daAuts
    D:12: 1680 daAuts
    D:14: 1678 daAuts
     D:2: 1662 daAuts
  Lair:2: 1660 daAuts
  Lair:5: 1635 daAuts
Vaults:2: 1607 daAuts
     D:4: 1581 daAuts
 Snake:2: 1518 daAuts
